 Dungeon Crawl Stone Soup version 0.25-a0-503-ge281fa673e (webtiles) character file.

Game seed: 8256681716364395010, levelgen mode: deterministic

1132 Kohma the Spear-Bearer (level 8, -5/58 HPs)
             Began as a Merfolk Gladiator on Feb 12, 2020.
             Was a Follower of Fedhas.
             Killed by divine providence
             ... invoked by an orc priest
              (14 damage)
             ... on level 6 of the Dungeon on Feb 13, 2020.
             The game lasted 00:12:39 (5924 turns).

Kohma the Spear-Bearer (Merfolk Gladiator)          Turns: 5924, Time: 00:12:40

Health: -5/58      AC: 12    Str: 15    XL:     8   Next: 36%
Magic:  8/8        EV: 13    Int:  9    God:    Fedhas [*.....]
Gold:   281        SH:  9    Dex: 15    Spells: 7/7 levels left

rFire    . . .     SeeInvis .   a - +1 trident
rCold    . . .     Gourm    .   w - +0 kite shield
rNeg     . . .     Faith    .   h - +4 ring mail
rPois    .         Spirit   .   c - +1 helmet
rElec    .         Reflect  .   v - +0 cloak
rCorr    .         Harm     .   (no gloves)
MR       .....                  (no boots)
Stlth    +.........             (no amulet)
HPRegen  0.19/turn              (no ring)
MPRegen  0.11/turn              (no ring)

@: no status effects
A: change form in water, swift swim, stealthy swim
a: Renounce Religion


You were on level 6 of the Dungeon.
You worshipped Fedhas.
Fedhas was aware of your devotion.
You were not hungry.

You visited 2 branches of the dungeon, and saw 7 of its levels.

You collected 281 gold pieces.

Inventory:

Hand Weapons
 a - a +1 trident (weapon)
Missiles
 d - a throwing net (quivered)
 i - 25 poisoned darts
Armour
 c - a +1 helmet (worn)
 h - a +4 ring mail (worn)
 v - a +0 cloak (worn)
 w - a +0 kite shield (worn)
Jewellery
 e - a +1 ring of protection {unknown}
 k - a cursed +5 ring of strength {unknown}
Scrolls
 j - 2 scrolls of amnesia
Potions
 g - a potion of resistance {unknown}
 l - a potion of curing
 m - 4 potions of flight
 n - a potion of magic {unknown}
 o - a potion of invisibility {unknown}
 p - a potion of heal wounds {unknown}
 q - a potion of cancellation {unknown}
 s - a potion of mutation {unknown}
 x - a potion of degeneration {unknown}
Comestibles
 f - 12 rations


   Skills:
 - Level 3.1 Fighting
 * Level 10.0 Polearms
 - Level 2.1 Throwing
 + Level 7.0 Dodging
 * Level 5.1 Shields


You had 7 spell levels left.
You didn't know any spells.
Your spell library contained the following spells:

 Spells                   Type           Power        Failure   Level  Hunger
 Beastly Appendage        Tmut           #.....       96%         1    ##.....
 Magic Dart               Conj           #...         96%         1    ##.....
 Searing Ray              Conj           #.....       99%         2    ###....
 Sticks to Snakes         Tmut           #.......     99%         2    ###....
 Dazzling Flash           Conj/Hex       #.....       100%        3    ####...
 Spider Form              Tmut/Pois      #.........   100%        3    ####...
 Fulminant Prism          Conj/Hex       #.........   100%        4    #####..
 Ice Form                 Ice/Tmut       #.......     100%        4    #####..
 Iskenderun's Mystic Bla  Conj/Tloc      #.......     100%        4    #####..
 Blade Hands              Tmut           #.........   100%        5    ######.


Dungeon Overview and Level Annotations

Branches:
Dungeon (6/15)             Temple (1/1) D:5

Altars:
Cheibriados
Dithmenos
Elyvilon
Fedhas
Gozag
Hepliaklqana
Nemelex Xobeh
Vehumet
Xom
Yredelemnul
Zin
The Shining One

Shops:
D:5 (

Annotations:
D:2 Sigmund


Message History

The adder zombie closely misses you.
You puncture the adder zombie!
You destroy the adder zombie!
Fedhas accepts your kill. The worker ant closely misses you.
The orc hits you but does no damage.
You closely miss the orc priest.
The orc priest is heavily wounded.
The worker ant bites you.
* * * LOW HITPOINT WARNING * * *
You block the orc priest's attack. The orc misses you.
You hit the orc priest but do no damage.
The orc priest is heavily wounded.
You block the worker ant's attack. You block the orc priest's attack.
The orc hits you but does no damage. The worker ant misses you.
You closely miss the orc priest.
The orc priest is heavily wounded.
The orc priest mumbles some strange prayers to Beogh against you.
Beogh smites you!
You die...
Fedhas appreciates your contribution to the ecosystem.

#..... .... #
###..#.#
##....#.#####
###)##.........
#..............
####..)##.......#
##.#oa#...........
#..#.@#...........
#.....o...........
##..............#.
##................
#.................
##.....#........
#......#......##
###.............
#.........##


You could see a worker ant, an orc priest and an orc.

Vanquished Creatures
  A sky beast (D:6)
  2 ogres (D:3)
  A centaur (D:5)
  4 scorpions
  2 crimson imps
  A jelly (D:5)
  An orc priest (D:4)
  A bullfrog skeleton (D:4)
  3 orc wizards
  Jessica (D:1)
  6 worker ants
  A hound zombie (D:5)
  A hound skeleton (D:4)
  4 gnolls (D:3)
  3 adders
  2 adder zombies
  A worm (D:3)
  4 dart slugs
  2 leopard geckos (D:1)
  8 orcs
  8 bats
  4 giant cockroaches
  6 goblins
  10 hobgoblins
  7 jackals
  A quokka (D:5)
  6 frilled lizards
  7 kobolds
  2 leopard gecko skeletons (D:4)
  A quokka skeleton (D:5)
  5 rats
106 creatures vanquished.

Notes
Turn   | Place    | Note
-------+----------+-------------------------------------------
     0 | D:1      | Kohma the Merfolk Gladiator began the quest for the Orb.
     0 | D:1      | Reached XP level 1. HP: 16/16 MP: 1/1
    80 | D:1      | Reached XP level 2. HP: 23/23 MP: 2/2
   318 | D:1      | Reached skill level 5 in Polearms
   487 | D:1      | Reached XP level 3. HP: 28/28 MP: 3/3
   730 | D:2      | Noticed Sigmund
  1084 | D:2      | Noticed Jessica
  1111 | D:1      | Killed Jessica
  1111 | D:1      | Reached XP level 4. HP: 23/34 MP: 4/4
  1728 | D:3      | Reached skill level 6 in Polearms
  2209 | D:3      | Reached skill level 5 in Dodging
  2243 | D:3      | Reached XP level 5. HP: 41/41 MP: 5/5
  2278 | D:3      | Reached skill level 1 in Shields
  2721 | D:4      | Noticed an ogre
  3056 | D:3      | Killed an ogre
  3056 | D:3      | Reached skill level 7 in Polearms
  3056 | D:3      | Reached XP level 6. HP: 4/47 MP: 6/6
  3393 | D:5      | Entered Level 5 of the Dungeon
  3406 | D:5      | Found a staircase to the Ecumenical Temple.
  3434 | Temple   | Entered the Ecumenical Temple
  3573 | D:5      | Found a shadowy altar of Dithmenos.
  3576 | D:5      | Found Ahudd's Antique Weapon Emporium.
  3591 | D:5      | Found a blossoming altar of Fedhas.
  3611 | D:5      | Became a worshipper of Fedhas Madash
  3908 | D:5      | Reached skill level 8 in Polearms
  3908 | D:5      | Reached XP level 7. HP: 52/52 MP: 7/7
  4876 | D:4      | Reached skill level 9 in Polearms
  5232 | D:4      | Upgraded the game from 0.25-a0-496-g8c4878dea3 to
                  | 0.25-a0-503-ge281fa673e
  5292 | D:4      | Reached * piety under Fedhas
  5292 | D:4      | Reached XP level 8. HP: 56/58 MP: 8/8
  5736 | D:6      | Reached skill level 5 in Shields
  5903 | D:6      | Reached skill level 10 in Polearms
  5924 | D:6      | Killed from afar by an orc priest

Levels and vault maps discovered:
D:1:      mrwooster_arrival_statue_2, layout_loops_ring
D:2:      layout_basic, first_ration, uniq_jessica, uniq_sigmund
D:3:      layout_loops_ring, minivault_25
D:4:      layout_basic, minmay_increasing_density
D:5:      layout_loops_cross, nicolae_dithmenos_through_a_glass_darkly,
          minmay_temple_entry_large_hall, serial_shops, shop, fedhas_altar_1
D:6:      layout_cave_pools
Temple:   eino_wide_crystal_templ

Skill      XL: |  1  2  3  4  5  6  7  8 |
---------------+-------------------------+-----
Polearms       | 5 6 7 8 9 10 | 10.0
Fighting       | 3 |  3.1
Dodging        | 5 6 7 |  7.0
Shields        | 2 3 4 5 |  5.1
Throwing       | |  2.1

Action                   |  1- 3 |  4- 6 |  7- 9 || total
-------------------------+-------+-------+-------++-------
Melee: Trident           |    77 |   229 |   208 ||   514
Throw: Throwing net      |     1 |     2 |       ||     3
  Use: Scroll            |       |     8 |     2 ||    10
       Potion            |       |       |     1 ||     1
 Stab: Sleeping          |       |     1 |       ||     1
  Eat: Chunk             |       |     9 |     7 ||    16
Armor: Leather armour    |    15 |    46 |     3 ||    64
       Ring mail         |       |       |    60 ||    60
Dodge: Dodged            |    46 |   107 |    94 ||   247
Block: Kite shield       |       |    52 |   101 ||   153

Table legend:
 A = Non-vault XP
 B = Vault XP
 C = Vault XP percentage of total XP
 D = Non-vault monster count
 E = Vault monster count
 F = Vault count percentage of total count
                 A         B        C        D         E       F
            +---------+---------+-------+---------+---------+-------
      Total |    1393 |     225 |  13.9 |     101 |       5 |   4.7
            +---------+---------+-------+---------+---------+-------
        D:1 |      46 |      37 |  44.6 |      26 |       1 |   3.7
        D:2 |      14 |       0 |   0.0 |       7 |       0 |   0.0
        D:3 |     283 |     118 |  29.4 |      34 |       1 |   2.9
        D:4 |     346 |      70 |  16.8 |      16 |       3 |  15.8
        D:5 |     422 |       0 |   0.0 |      12 |       0 |   0.0
        D:6 |     282 |       0 |   0.0 |       6 |       0 |   0.0
            +---------+---------+-------+---------+---------+-------
